Map: Eternal Empire LE

Players

Dear

  • Race: Protoss Protoss
  • Spawn Location: 1:00

Zest - Winner!

  • Race: Protoss Protoss
  • League: Master
  • Spawn Location: 7:00

Event: War Chest Team League

VOD

Have the link to the VOD?

Description

Time

  • Played on: Aug. 7, 2020, 7:49 a.m.
  • Length: 6:45
Show
View Real Time Build Order
Export as new Build Order

Dear Protoss 

Build Orders: Phoenix Opening, Blink Stalkers 

Get SALT Encoding   

  12  0:00  Probe  
  13  0:12  Probe  
  14  0:18  Pylon  
  14  0:24  Probe  
  15  0:36  Probe (Chrono Boost)  
  15  0:37  Gateway  
  16  0:46  Probe (Chrono Boost)  
  16  0:47  Assimilator  
  17  0:51  Probe (Chrono Boost)  
  17  0:54  Assimilator  
  18  1:03  Probe (Chrono Boost)  
  19  1:08  Gateway  
  19  1:12  Probe (Chrono Boost)  
  19  1:17  Probe (Chrono Boost)  
  21  1:26  Cybernetics Core  
  21  1:30  Probe  
  22  1:36  Pylon  
  22  1:42  Probe  
  23  1:54  Probe  
  24  2:03  Stalker x2, Warp Gate  
  28  2:14  Pylon  
  28  2:33  Sentry x2  
  32  2:44  Nexus  
  32  2:47  Probe  
  33  2:59  Probe (Chrono Boost)  
  33  3:02  Twilight Council  
  34  3:06  Phoenix  
  34  3:10  Probe (Chrono Boost)  
  35  3:16  Pylon, Probe (Chrono Boost)  
  35  3:18  Sentry  
  38  3:25  Probe  
  39  3:37  Forge, Probe (Chrono Boost)  
  39  3:40  Blink  
  41  3:48  Probe (Chrono Boost)  
  41  3:55  Probe x2 (Chrono Boost)  
  43  4:05  Stalker, Probe (Chrono Boost)  
  43  4:07  Probe (Chrono Boost)  
  43  4:09  Stalker  
  49  4:10  Probe (Chrono Boost)  
  49  4:11  Protoss Ground Weapons Level 1 (Chrono Boost)  
  51  4:19  Probe (Chrono Boost)  
  51  4:20  Assimilator  
  51  4:22  Probe (Chrono Boost)  
  52  4:31  Probe (Chrono Boost)  
  54  4:32  Probe (Chrono Boost)  
  54  4:33  Pylon  
  54  4:36  Probe  
  55  4:40  Probe  
  56  4:48  Probe  
  56  4:49  Gateway x2  
  56  4:52  Probe  
  58  5:01  Nexus  
  58  5:06  Pylon  
  58  5:10  Stalker x2  
  58  5:13  Probe x2  
  64  5:24  Assimilator  
  64  5:28  Gateway  
  64  5:30  Probe x2  
  64  5:33  Stalker x2  
  70  5:47  Probe  
  70  5:48  Probe  
  72  5:50  Stalker x2  
  72  5:53  Pylon  
  73  5:59  Stalker x2  
  73  6:02  Pylon  
  77  6:17  Stalker x2  
  52  6:26  Stalker  
  52  6:31  Stalker x2  
Show
View Real Time Build Order
Export as new Build Order

Zest Protoss - Winner!

Build Orders: 1 Gate Expand, Oracle Opening 

Get SALT Encoding   

  12  0:00  Probe  
  13  0:12  Probe  
  14  0:19  Pylon  
  14  0:24  Probe  
  15  0:37  Probe (Chrono Boost)  
  15  0:38  Gateway  
  16  0:47  Assimilator  
  16  0:48  Probe (Chrono Boost)  
  17  0:52  Probe (Chrono Boost)  
  18  1:03  Probe  
  19  1:16  Probe  
  20  1:24  Nexus  
  20  1:35  Cybernetics Core  
  20  1:38  Probe  
  21  1:43  Assimilator  
  21  1:50  Probe  
  21  1:53  Pylon  
  22  2:02  Probe  
  23  2:09  Stalker (Chrono Boost)  
  23  2:12  Warp Gate  
  23  2:14  Probe  
  26  2:26  Probe  
  26  2:29  Stargate  
  27  2:34  Stalker (Chrono Boost)  
  29  2:39  Probe  
  29  2:42  Probe  
  31  2:52  Probe  
  31  2:54  Probe  
  33  3:04  Stalker, Probe  
  35  3:06  Probe  
  35  3:11  Shield Battery  
  36  3:13  Oracle (Chrono Boost)  
  39  3:20  Probe  
  39  3:21  Probe  
  39  3:27  Pylon  
  41  3:32  Probe  
  41  3:33  Probe  
  43  3:39  Twilight Council  
  43  3:46  Probe x2 (Chrono Boost)  
  47  3:57  Probe x2 (Chrono Boost)  
  47  4:02  Probe x2 (Chrono Boost)  
  47  4:03  Gateway  
  47  4:04  Gateway  
  47  4:08  Blink (Chrono Boost)  
  49  4:12  Probe x2  
  51  4:19  Assimilator  
  51  4:28  Probe  
  53  4:34  Nexus  
  53  4:37  Pylon  
  52  4:40  Stalker  
  54  4:45  Pylon  
  54  4:55  Pylon, Probe x2  
  54  4:58  Stalker x2  
  60  5:03  Gateway  
  60  5:06  Stalker  
  62  5:07  Probe x2  
  64  5:19  Probe x2  
  66  5:22  Stalker x2  
  70  5:30  Stalker  
  70  5:31  Probe x2  
  74  5:36  Pylon  
  74  5:43  Probe x2  
  74  5:46  Stalker x2  
  74  5:49  Forge, Probe  
  81  5:55  Probe  
  82  5:58  Probe  
  82  5:59  Stalker x2  
  82  6:01  Probe  
  88  6:13  Probe x2  
  88  6:14  Stalker x2  
  90  6:20  Probe  
  90  6:22  Gateway  
  90  6:24  Robotics Facility  
  90  6:25  Probe  
  86  6:33  Stalker x2  
  86  6:34  Photon Cannon  
  87  6:36  Photon Cannon  
Tags
 
Add a new tag
Caveats
  • Supply blocks, unpowered buildings, or Contaminate may cause inaccurate times.
  • Supply counts are checked every 10 seconds.